 Dungeon Crawl Stone Soup version 0.18.1-6-gd335043 (webtiles) character file.

2060 Implojin the Fighter (level 9, -3/76 HPs)
             Began as a Mummy Monk on May 19, 2016.
             Slain by an orc warrior
             ... wielding a +0 trident
              (13 damage)
             ... on level 5 of the Dungeon.
             The game lasted 00:33:57 (12283 turns).

Implojin the Fighter (Mummy Monk)                  Turns: 12283, Time: 00:33:58

Health: -3/76      AC:  9    Str: 14    XL:     9   Next: 5%
Magic:  9/9        EV: 13    Int: 10    God:
Gold:   169        SH:  0    Dex: 17    Spells: 0 memorised, 8 levels left

rFire  x . .     SeeInvis .       - Unarmed
rCold  + . .     Gourm    .     (no armour)
rNeg   + + +     Faith    .     (no shield)
rPois  ∞         Spirit   .     (no helmet)
rElec  .         Dismiss  .     v - +2 cloak
rCorr  .         Reflect  .     h - +2 pair of gloves
SustAt .         Harm     .     p - +2 pair of boots
MR     +....                    (no amulet)
Stlth  ++........               (no ring)
                                (no ring)

@: about to teleport, somewhat resistant to hostile enchantments, unstealthy
A: no food or potions, fire vulnerability, cold resistance 1, negative energy
resistance 3, torment resistance, unbreathing
a: no special abilities


You were on level 5 of the Dungeon.
You were not hungry.

You visited 1 branch of the dungeon, and saw 6 of its levels.
You also visited: Ossuary.

You collected 285 gold pieces.
You spent 116 gold pieces at shops.

Inventory:

Armour
 h - a +2 pair of gloves (worn)
 j - a +0 shield
 p - a +2 pair of boots (worn)
 v - a +2 cloak (worn)
Wands
 b - a wand of disintegration (10/24)
 o - a wand of confusion (20/48)
 t - a wand of random effects (38/48)
Scrolls
 a - 4 scrolls of teleportation
 c - a scroll of noise
 d - a scroll of amnesia
 e - 2 scrolls of immolation
 g - 3 scrolls of fog
 i - 6 scrolls of identify
 l - 2 scrolls of remove curse
 m - a scroll of random uselessness
 n - a scroll of recharging
 u - a scroll of enchant armour
Potions
 k - 3 potions of haste {unknown}
 r - 2 potions of heal wounds {unknown}
 s - 2 potions of flight {unknown}
Comestibles
 f - 5 bread rations (quivered)


   Skills:
 - Level 9.1 Fighting
 - Level 2.4 Dodging
 - Level 1.5 Stealth
 * Level 7.7 Unarmed Combat


You had 8 spell levels left.
You didn't know any spells.

Dungeon Overview and Level Annotations

Branches:
Dungeon (6/15)             Temple (0/1) D:5

Altars:
Ashenzari
Cheibriados
Fedhas
Ru
Trog
Vehumet

Shops:
D:5 [

Annotations:
D:4 exclusion: downstairs
D:5 Grinder


Innate Abilities, Weirdness & Mutations

You do not eat or drink.
Your flesh is vulnerable to fire.
You are immune to poison.
Your flesh is cold resistant.
You are immune to negative energy.
You are immune to unholy pain and torment.
You can survive without breathing.


Message History

An orc warrior is nearby!
The orc shouts!
The orc warrior shouts!
The orc wizard shouts!
The orc wizard gestures at you while chanting.
The puff of flame hits you!
You closely miss the orc wizard. The orc wizard misses you.
You completely miss the orc wizard. The orc wizard hits you with a dagger.
You punch the orc wizard!
The orc wizard is severely wounded.
The orc wizard gestures at you while chanting.
You are confused.
You bump into the rock wall.
The orc warrior hits you from afar with a trident!
The orc wizard hits you but does no damage.
You bump into the rock wall.
The orc shouts!
The orc warrior hits you from afar with a trident.
The orc wizard hits you but does no damage.
You punch the orc wizard!
You kill the orc wizard!
The orc warrior hits you from afar with a trident!
You're too confused to move!
The orc warrior hits you from afar with a trident!
* * * LOW HITPOINT WARNING * * *
You hit the orc warrior.
The orc warrior is moderately wounded.
You feel less confused.
The orc warrior hits you with a trident!
* * * LOW HITPOINT WARNING * * *
Read which item? (? for menu, Esc to quit)
As you read the scroll of teleportation, it crumbles to dust.
You feel strangely unstable.
The orc warrior hits you with a trident!!
* * * LOW HITPOINT WARNING * * *
Read which item? (? for menu, Esc to quit)
Okay, then.
Read which item? (? for menu, Esc to quit)
Okay, then.
The orc warrior hits you from afar with a trident!
You die...

##.#..####............######....
#>................o...........$.
##.#######............######....
#.o..................# #....
##############o####### #.... #o#
#.... #o# ##### #.# #@# #.######
#......# ####...# ##########
#...# #........# ##...######
#..†.....# #.(.......#
#........# #(........#
#........# #(........# ##


You could see an orc warrior and 2 orcs.

Vanquished Creatures
  A water moccasin (D:6)
  6 ogres
  2 centaurs (D:5)
  2 elf zombies (Ossuary)
  A big kobold (D:4)
  3 giant frogs (D:6)
  A scorpion (D:6)
  A jelly (D:6)
  2 howler monkeys
  A crimson imp (D:3)
  A centaur zombie (Ossuary)
  A hound (D:5)
  3 centaur skeletons (D:6)
  2 orc priests (D:5)
  3 orc wizards
  5 worker ants
  A big kobold zombie (Ossuary)
  2 mummies (Ossuary)
  12 adders
  2 shadow imps
  2 oozes
  2 adder skeletons
  An adder zombie (Ossuary)
  3 worms (D:2)
  4 dart slugs
  3 giant geckos
  6 orcs
  A ball python (D:6)
  3 giant cockroaches
  7 goblins
  2 hobgoblins
  3 jackals (D:2)
  7 quokkas
  A ball python skeleton (D:5)
  9 bats
  A giant gecko skeleton (D:4)
  5 giant newts
  A goblin zombie (Ossuary)
  7 hobgoblin zombies (Ossuary)
  3 jackal zombies
  13 kobolds
  13 kobold zombies (Ossuary)
  8 orc zombies (Ossuary)
  A quokka skeleton (D:4)
  11 rats
169 creatures vanquished.

Notes
Turn   | Place    | Note
--------------------------------------------------------------
     0 | D:1      | Implojin the Mummy Monk began the quest for the Orb.
     0 | D:1      | Reached XP level 1. HP: 18/18 MP: 1/1
   320 | D:1      | Reached XP level 2. HP: 18/24 MP: 2/2
   951 | D:1      | Reached skill level 4 in Unarmed Combat
  1174 | D:2      | Reached XP level 3. HP: 17/29 MP: 3/3
  2230 | D:2      | Reached XP level 4. HP: 29/35 MP: 4/4
  2330 | D:2      | Noticed a moth of wrath
  2716 | D:2      | Found a sacrificial altar of Ru.
  3005 | D:2      | Found a bloodstained altar of Trog.
  3132 | D:3      | Reached skill level 5 in Unarmed Combat
  3233 | D:3      | Reached XP level 5. HP: 39/41 MP: 5/5
  3245 | D:3      | Found a radiant altar of Vehumet.
  3601 | D:3      | Found a shattered altar of Ashenzari.
  3601 | D:3      | Found a snail-covered altar of Cheibriados.
  3628 | D:3      | Found a blossoming altar of Fedhas.
  4270 | D:4      | Reached skill level 6 in Unarmed Combat
  4483 | D:4      | Noticed an ogre
  4628 | D:4      | Reached XP level 6. HP: 14/47 MP: 6/6
  5056 | D:5      | Entered Level 5 of the Dungeon
  5218 | D:5      | Reached skill level 4 in Fighting
  6298 | D:5      | Reached skill level 5 in Fighting
  6298 | D:5      | Reached XP level 7. HP: 42/56 MP: 7/7
  7428 | D:4      | Reached skill level 6 in Fighting
  7981 | D:5      | Found Woima's Armour Boutique.
  7989 | D:5      | Reached skill level 7 in Fighting
  8040 | D:5      | Bought a +0 pair of boots for 58 gold pieces
  8040 | D:5      | Bought a +0 cloak for 58 gold pieces
  8474 | D:6      | Reached XP level 8. HP: 48/68 MP: 8/8
  8557 | D:6      | Found a sand-covered staircase.
  8566 | Ossuary  | Entered an ossuary
  8994 | Ossuary  | Reached skill level 8 in Fighting
  9870 | D:6      | Reached skill level 9 in Fighting
 10062 | D:5      | Found a staircase to the Ecumenical Temple.
 10118 | D:5      | Noticed Grinder
 10829 | D:6      | Reached skill level 7 in Unarmed Combat
 12199 | D:5      | Reached XP level 9. HP: 69/76 MP: 9/9
 12283 | D:5      | Slain by an orc warrior

Skill      XL: |  1  2  3  4  5  6  7  8 |
---------------+-------------------------+-----
Unarmed Combat | 4 5 6 7 |  7.7
Fighting       | 5 7 9 |  9.1
Dodging        | |  2.4
Stealth        | |  1.5

Action                   |  1- 3 |  4- 6 |  7- 9 || total
-------------------------+-------+-------+-------++-------
Melee: Unarmed           |   143 |   270 |   400 ||   813
       Punch             |     2 |     5 |    11 ||    18
  Use: Scroll            |       |    12 |     6 ||    18
 Stab: Sleeping          |     4 |     1 |     7 ||    12
       Distracted        |       |       |     1 ||     1
Armor: Skin              |     4 |    34 |    78 ||   116
Dodge: Dodged            |    95 |   165 |   223 ||   483
Block: Shield            |       |     1 |       ||     1

Table legend:
 A = Turns spent in this place as a percentage of turns spent in the entire game.
 B = Non-inter-level travel turns spent in this place as a percentage of non-inter-level travel turns spent in the entire game.
 C = Inter-level travel turns spent in this place as a percentage of turns spent in this place.
 D = Turns resting spent in this place as a percentage of non-inter-level travel turns spent in this place.
 E = Turns spent auto-exploring this place as a percentage of non-inter-level travel turns spent in this place.
 F = Non-inter-level travel turns spent in this place divided by the number of levels of this place that you've seen.
                   A       B       C       D       E      F
               +-------+-------+-------+-------+-------+----------------------
         Total | 100.0 | 100.0 |   0.2 |   2.9 |   2.5 | 731.3
       Dungeon |  85.1 |  85.1 |   0.2 |   3.3 |   2.9 | 725.7
       Ossuary |  14.9 |  14.9 |   0.0 |   1.0 |   0.3 | 765.0
               +-------+-------+-------+-------+-------+----------------------

Table legend:
 A = Kills in this place as a percentage of kills in entire the game.
 B = Kills by you in this place as a percentage of kills by you in the entire game.
 C = Kills by friends in this place as a percentage of kills by friends in the entire game.
 D = Other kills in this place as a percentage of other kills in the entire game.
 E = Experience gained in this place as a percentage of experience gained in the entire game.
 F = Experience gained in this place divided by the number of levels of this place that you have seen.
                   A       B       C       D       E      F
               +-------+-------+-------+-------+-------+----------------------
         Total | 100.0 | 100.0 |  -nan |  -nan | 100.0 | 420.6
       Dungeon |  77.5 |  77.5 |  -nan |  -nan |  89.1 | 437.2
       Ossuary |  22.5 |  22.5 |  -nan |  -nan |  10.9 | 321.0
               +-------+-------+-------+-------+-------+----------------------
